 Dungeon Crawl Stone Soup version 0.23.0-3-gf3c87f2df8 (webtiles) character file.

Game seed: 4483100757785775650

30 Gargoyl the Skirmisher (level 3, -5/31 HPs)
             Began as a Centaur Abyssal Knight on Feb 24, 2019.
             Was an Initiate of Lugonu.
             Slain by a gnoll
             ... wielding a +0 flail
              (10 damage)
             ... on level 1 of the Dungeon.
             The game lasted 00:01:00 (724 turns).

Gargoyl the Skirmisher (Centaur Abyssal Knight)      Turns: 724, Time: 00:01:01

Health: -5/31      AC:  4    Str: 14    XL:     3   Next: 3%
Magic:  4/4        EV:  9    Int: 11    God:    Lugonu [......]
Gold:   11         SH:  0    Dex:  9    Spells: 2/2 levels left

rFire    . . .     SeeInvis .   a - +1 hand axe
rCold    . . .     Gourm    .   (no shield)
rNeg     . . .     Faith    .   b - +0 leather armour
rPois    .         Spirit   .   (no helmet)
rElec    .         Reflect  .   (no cloak)
rCorr    .         Harm     .   (no gloves)
MR       .....                  (no barding)
Stlth    ..........             d - amulet of regeneration
HPRegen  0.50/turn              (no ring)
MPRegen  0.09/turn              (no ring)

@: very quick
A: large, hooves 3, deformed body, speed 2, tough skin 3
a: Renounce Religion


You were on level 1 of the Dungeon.
You worshipped Lugonu.
Lugonu was noncommittal.
You were not hungry.

You visited 1 branch of the dungeon, and saw 2 of its levels.
You visited the Abyss 1 time.

You collected 11 gold pieces.

Inventory:

Hand Weapons
 a - a +1 hand axe (weapon)
Armour
 b - a +0 leather armour (worn)
Jewellery
 d - an amulet of regeneration (around neck)
Scrolls
 e - a scroll of remove curse {unknown}
 f - a scroll of identify {unknown}
Comestibles
 c - 4 rations
 g - 2 chunks of flesh


   Skills:
 + Level 3.4 Fighting
 + Level 2.0 Axes
 * Level 1.7 Armour
 * Level 1.0 Dodging
 * Level 2.3 Invocations


You had 2 spell levels left.
You didn't know any spells.
Your spell library was empty.

Dungeon Overview and Level Annotations

Branches:
Dungeon (2/15)

Altars:

Annotations:
D:2 Jessica


Innate Abilities, Weirdness & Mutations

You have hooves in place of feet.
Armour fits poorly on your strangely shaped body.
You cover ground very quickly.
You have extremely tough skin. (AC +3)


Message History

The gnoll closely misses you. The goblin barely misses you.
You climb upwards.
There is a stone staircase leading down here.
Unknown command.
You barely miss the gnoll. Your kick misses the gnoll.
You barely miss the goblin. The gnoll hits you with a +0 flail!
The goblin hits you with a +0 club.
Unknown command.
You closely miss the gnoll. Your kick misses the gnoll.
You closely miss the goblin. The goblin hits you but does no damage.
The gnoll hits you but does no damage.
You closely miss the gnoll. You hit the goblin.
The goblin hits you with a +0 club. The gnoll hits you with a +0 flail!
* * * LOW HITPOINT WARNING * * *
Unknown command.
You slash the gnoll! Your kick misses the gnoll.
The gnoll is heavily wounded.
You hit the goblin. The goblin hits you but does no damage.
The gnoll hits you with a +0 flail!
You die...

#####.# ######...#.####
#.............# #.##.......##.#
#.##........#.############
#.##.....)...............#
..###....................#
#.####...##.#.##g)######.#
##.###.#.##.#.##@......#.#
##..†......#.##g#####.#.#
##.##....####.##.# #.#.#
#.#.......###.##.# #.#.#
..#..............### #.#.#
####............##.###.#)# ##
##.............#......#
.####......###...###.....######
..##...#....##>.#####.........#


You could see a gnoll and a goblin.

Vanquished Creatures
  2 gnolls (D:1)
  A kobold (D:1)
  3 bats (D:1)
  3 goblins (D:1)
  2 rats (D:1)
11 creatures vanquished.

Notes
Turn   | Place    | Note
-------+----------+-------------------------------------------
     0 | Abyss:1  | Gargoyl the Centaur Abyssal Knight began the quest for the
                  | Orb.
     0 | Abyss:1  | Reached XP level 1. HP: 19/19 MP: 2/2
    29 | Abyss:2  | Noticed a hell hound
    31 | D:1      | Escaped the Abyss
   373 | D:1      | Reached XP level 2. HP: 25/26 MP: 3/3
   664 | D:2      | Noticed Jessica
   670 | D:1      | Reached skill level 1 in Dodging
   674 | D:1      | Reached XP level 3. HP: 10/31 MP: 4/4
   724 | D:1      | Slain by a gnoll

Skill      XL: |  1  2 |
---------------+-------+-----
Axes           | 2 |  2.0
Dodging        | 1 |  1.0
Fighting       | |  3.4
Armour         | |  1.7
Invocations    | |  2.3

Action                   || total
-------------------------++-------
Melee: Hand axe          ||    31
       Kick              ||     4
Invok: Depart the Abyss  ||     1
Armor: Leather armour    ||    26
Dodge: Dodged            ||    32
